 Dungeon Crawl Stone Soup version 0.29.1-12-g30fa7ad0bf (webtiles) character file.

Game seed: 8095681580282698540

19 Radix the Sneak (level 2, 0/17 HPs)
             Began as a Deep Elf Brigand on Jan 16, 2023.
             Slain by a worm (8 damage)
             ... on level 2 of the Dungeon.
             The game lasted 00:04:06 (1082 turns).

Radix the Sneak (Deep Elf Brigand)                  Turns: 1082, Time: 00:04:07

Health: 0/17       AC:  4    Str:  8    XL:     2   Next: 55%
Magic:  5/5        EV: 11    Int: 15    God:
Gold:   27         SH:  0    Dex: 16    Spells: 2/3 levels left

rFire   . . .      SeeInvis .   a - +2 dagger
rCold   . . .      Faith    .   (no shield)
rNeg    . . .      Spirit   .   f - +0 leather armour
rPois   .          Reflect  .   (no helmet)
rElec   .          Harm     .   c - +0 cloak
rCorr   .          Rampage  .   (no gloves)
Will    .....                   (no boots)
Stlth   +++.......              (no amulet)
HPRegen 0.05/turn               (no ring)
MPRegen 0.09/turn               (no ring)

@: no status effects
A: no striking features
a: no special abilities


You were on level 2 of the Dungeon.
You visited 1 branch of the dungeon, and saw 2 of its levels.

You collected 27 gold pieces.

Inventory:

Hand Weapons
 a - a +2 dagger (weapon)
Missiles
 d - 7 poisoned darts (quivered)
 e - 3 curare-tipped darts
Armour
 b - a +0 robe
 c - a +0 cloak (worn)
 f - a +0 leather armour (worn)
Scrolls
 i - a scroll of summoning {unknown}
Potions
 g - a potion of ambrosia {unknown}
 h - a potion of curing {unknown}


   Skills:
 - Level 2.0 Fighting
 - Level 2.5 Short Blades
 - Level 2.0 Throwing
 - Level 1.2 Dodging
 - Level 4.8 Stealth
 * Level 1.1 Spellcasting
 + Level 0.2 Earth Magic


You had 2 spell levels left.
You knew the following spells:

 Your Spells              Type           Power      Damage    Failure   Level
a - Sandblast             Erth           2%         2d4       32%         1

Your spell library contained the following spells:

 Spells                   Type           Power      Damage    Failure   Level
 Passwall                 Tmut/Erth      0%         N/A       45%         2
 Stone Arrow              Conj/Erth      2%         3d7       69%         3


Dungeon Overview and Level Annotations

Branches:
Dungeon (2/15)

Altars:
Fedhas


Message History

Found a blossoming altar of Fedhas.
A bat comes into view.
Found a leather armour.
The bat hits you but does no damage. The bat hits you.
You barely miss the bat. The bat hits you.
Found a viscous grey potion and 8 gold pieces.
The bat barely misses you. The bat closely misses you.
The bat hits you but does no damage.
You hit the bat.
You kill the bat!
Throw: 9 darts (poison)
Press: ? - help, Q - select action, (/) - cycle Shift-Dir - straight line, f - worm
Aim: a worm (79% to hit)
You throw a poisoned dart. The poisoned dart hits the worm.
The worm is poisoned.
Throw: 8 darts (poison)
Press: ? - help, Q - select action, (/) - cycle Shift-Dir - straight line, f/p - worm
Aim: a worm (poisoned, 79% to hit)
You throw a poisoned dart. The poisoned dart hits the worm.
The worm looks even sicker.
The worm bites you.
You hit the worm but do no damage.
The worm is lightly wounded.
You hit the worm.
The worm is heavily wounded.
The worm closely misses you.
You hit the worm.
The worm is severely wounded.
You barely miss the worm.
The worm is severely wounded.
The worm closely misses you.
You barely miss the worm.
The worm is severely wounded.
The worm bites you.
You hit the worm.
The worm is severely wounded.
You hit the worm but do no damage.
The worm is severely wounded.
The worm bites you!
You die...

###.........
#...##.....#
#######.####..####
#.)......# #..#
#........# #..# ##
#........# #..###.
#.###.#### #.###..
#.# #.# #.# #.#
#@# #.# #.# #.#
#######w###.# #.#
#.# #.....(..##.#
#.# #..
!..#......# ####.#
#.# ###(#.....
.....###.#
..###.##..
#........ ... .#
..##........ .._.
.##...#........
#..[.
...............


You could see a worm (poisoned).

Vanquished Creatures
  A dart slug (D:1)
  2 bats
  3 endoplasms
  2 giant cockroaches (D:1)
  2 goblins (D:2)
  A hobgoblin (D:2)
  2 frilled lizards
  2 rats (D:1)
15 creatures vanquished.

Notes
Turn   | Place    | Note
-------+----------+-------------------------------------------
     0 | D:1      | Radix the Deep Elf Brigand began the quest for the Orb.
     0 | D:1      | Reached XP level 1. HP: 12/12 MP: 3/3
   632 | D:1      | Reached XP level 2. HP: 17/17 MP: 4/4
   655 | D:1      | Found a faded altar of an unknown god.
   846 | D:2      | Learned a level 1 spell: Sandblast
  1056 | D:2      | Reached skill level 1 in Spellcasting
  1062 | D:2      | Found a blossoming altar of Fedhas.
  1082 | D:2      | Slain by a worm

Illustrated notes

Levels and vault maps discovered:
D:1:      amcnicky_arrival_double_pillar, layout_loops_ring,
          dreamdust_ecumenical_altar_grove
D:2:      layout_rooms, minmay_hexomino_r4

Skill      XL: |  1  2 |
---------------+-------+-----
Fighting       | 2 |  2.0
Spellcasting   | 1 |  1.1
Short Blades   | |  2.5
Throwing       | |  2.0
Dodging        | |  1.2
Stealth        | |  4.8
Earth Magic    | |  0.2

Action                   || total
-------------------------++-------
Melee: Dagger            ||    46
Throw: Dart              ||     2
  Use: Scroll            ||     2
 Stab: Sleeping          ||     6
Armor: Robe              ||     1
       Leather armour    ||     4
Dodge: Dodged            ||    17
